Toronto Maple Leafs vs Washington Capitals
Created - Thursday, November 28, 2024 at 07:20
Goals
|
| Toronto Maple Leafs |
0 |
1 |
0 |
1 |
| Washington Capitals |
2 |
1 |
3 |
6 |
|
Shots
|
| Toronto Maple Leafs |
6 |
12 |
8 |
26 |
| Washington Capitals |
14 |
10 |
12 |
36 |
|
1st period
1. Washington Capitals , Nick Foligno 14 (Vladimir Tarasenko 34, John Carlson 21) at 14:13
2. Washington Capitals , Alex Ovechkin 31 (Thomas Harley 14, Jason Robertson 47) at 17:43 (PP)
Penalties :
Nick Bjugstad (TOR) for Holding (Minor) at 3:25, Wyatt Johnston (TOR) for Hooking (Minor) at 17:33
2nd period
3. Washington Capitals , Jason Robertson 21 (Alex Ovechkin 41, Nico Hischier 41) at 0:56
4. Toronto Maple Leafs , Sean Walker 1 (Brady Tkachuk 37, Tomas Hertl 40) at 2:02
Penalties :
Sean Walker (TOR) for Hooking (Minor) at 4:51, John Carlson (WSH) for Tripping (Minor) at 9:10
3rd period
5. Washington Capitals , Jason Robertson 22 (Brad Marchand 26) at 7:19
6. Washington Capitals , Jason Robertson 23 (Nico Hischier 42, Thomas Harley 15) at 7:31
7. Washington Capitals , Vladimir Tarasenko 23 (Thomas Harley 16, Owen Tippett 13) at 8:22
Penalties :
Jason Robertson (WSH) for Delaying the game (Minor) at 8:40, Dougie Hamilton (TOR) for Interference (Minor) at 13:04, Aaron Ekblad (TOR) for Interference (Minor) at 18:16
Goalie Stats
Frederik Andersen (TOR), 30 saves from 36 shots - (0.833), L, 9-7-2, 60:00 minutes
Jake Oettinger (WSH), 25 saves from 26 shots - (0.962), W, 26-12-2, 60:00 minutes
Players Stats for Toronto Maple Leafs
Player Name G A P +/- PIM S H SB GA TA FO MP PP MP PK MP
------------------------------------------------------------------------------------
Aaron Ekblad 0 0 0 -2 2 2 0 1 0 1 0/0 20:08 2:05 2:53
Andrew Mangiapane 0 0 0 -2 0 2 1 2 0 0 0/0 15:41 0:04 3:47
Brady Tkachuk 0 1 1 -1 0 5 1 0 0 0 0/3 16:49 1:58 0:12
Brandon Saad 0 0 0 0 0 0 0 0 0 0 0/0 9:11 1:56 0:00
Cody Ceci 0 0 0 -2 0 0 2 1 0 2 0/0 19:12 0:00 3:52
Dougie Hamilton 0 0 0 0 2 1 3 1 1 1 0/0 18:45 2:05 0:00
Mario Ferraro 0 0 0 -2 0 2 0 4 0 1 0/0 19:23 0:00 3:58
Nick Bjugstad 0 0 0 -2 2 2 1 0 0 0 9/14 14:52 0:00 2:44
Nicolas Roy 0 0 0 -1 0 1 2 1 0 0 1/1 18:52 0:00 3:51
Nino Niederreiter 0 0 0 -2 0 0 1 0 0 1 0/0 11:48 0:00 0:00
Quinton Byfield 0 0 0 -1 0 2 0 0 1 0 0/0 15:59 2:00 0:00
Ryan Pulock 0 0 0 -2 0 1 0 1 0 4 0/0 21:54 1:53 3:52
Sam Bennett 0 0 0 0 0 1 2 3 0 1 0/0 7:02 0:00 0:00
Scott Laughton 0 0 0 0 0 0 1 2 0 1 1/7 11:37 0:00 3:51
Sean Walker 1 0 1 0 2 2 0 2 0 1 0/0 20:59 1:53 1:05
Tomas Hertl 0 1 1 -1 0 2 2 1 1 1 12/22 16:36 1:58 0:00
Troy Terry 0 0 0 -1 0 0 1 0 0 0 0/0 16:03 1:58 0:00
Wyatt Johnston 0 0 0 -1 2 3 1 1 1 0 5/15 17:14 2:00 1:15
Players Stats for Washington Capitals
Player Name G A P +/- PIM S H SB GA TA FO MP PP MP PK MP
------------------------------------------------------------------------------------
Alex Ovechkin 1 1 2 2 0 7 4 1 1 0 1/3 21:48 4:35 0:00
Brad Marchand 0 1 1 0 0 1 0 2 2 0 0/0 15:43 0:00 1:58
Derek Forbort 0 0 0 2 0 2 1 0 0 0 0/0 21:53 2:31 2:16
Drake Batherson 0 0 0 0 0 2 1 0 2 0 0/0 8:11 0:03 0:43
Fabian Zetterlund 0 0 0 0 0 1 0 0 1 0 0/0 8:48 0:03 1:17
Ian Cole 0 0 0 1 0 0 2 2 0 0 0/0 16:24 1:26 1:42
Jamie Oleksiak 0 0 0 1 0 1 0 2 0 1 0/0 22:44 2:50 2:16
Jason Robertson 3 1 4 2 2 8 3 0 2 0 0/3 21:50 4:35 0:00
John Carlson 0 1 1 1 2 2 3 0 0 0 0/0 23:09 5:00 0:00
Jordan Kyrou 0 0 0 0 0 2 0 0 2 0 0/0 16:38 2:53 0:00
Michael McLeod 0 0 0 0 0 0 1 0 0 2 3/5 8:02 0:00 0:37
Mikael Backlund 0 0 0 0 0 1 0 1 0 1 8/11 15:43 0:00 1:58
Nick Foligno 1 0 1 2 0 3 1 0 0 0 6/9 14:21 3:12 1:20
Nick Jensen 0 0 0 1 0 0 0 1 0 0 0/0 15:17 0:19 1:42
Nico Hischier 0 2 2 2 0 4 1 1 2 0 16/30 21:51 4:35 0:03
Owen Tippett 0 1 1 2 0 1 0 0 0 0 0/1 10:08 0:22 0:00
Thomas Harley 0 3 3 2 0 0 2 1 1 0 0/0 20:32 3:34 0:00
Vladimir Tarasenko 1 1 2 2 0 1 1 1 1 0 0/0 12:58 3:12 0:00
3 Stars
1 - Jason Robertson (WSH)
2 - Alex Ovechkin (WSH)
3 - Thomas Harley (WSH)
Power Play
Toronto Maple Leafs - 0 on 2 Attempt(s) - 0.00%
Washington Capitals - 1 on 5 Attempt(s) - 20.00%
Penalty Kill
Toronto Maple Leafs - 4 on 5 Attempt(s) - 80.00%
- Score 0 goal in Penalty Kill
Washington Capitals - 2 on 2 Attempt(s) - 100.00%
- Score 0 goal in Penalty Kill
Team Stat
Toronto Maple Leafs - Hits : 18 - Faceoff Wins : 28 - Blocked Shots : 20 - Penalty Minutes : 10
Washington Capitals - Hits : 20 - Faceoff Wins : 34 - Blocked Shots : 12 - Penalty Minutes : 4
Official
Referees : Francis Charron and Chris Lee
Linesman : Trent Knorr and Caleb Apperson
Game Notes
Jason Robertson has scored a Hat Trick!
Finance
Level 1 -- Attendance: 6000 (100.00%) -- Ticket Income $570,000
Level 2 -- Attendance: 5000 (100.00%) -- Ticket Income $275,000
Level 3 -- Attendance: 2901 (96.70%) -- Ticket Income $95,733
Level 4 -- Attendance: 4930 (98.60%) -- Ticket Income $108,460
Luxury Box -- Attendance: 887 (88.70%) -- Ticket Income $172,965
Game was played at the Verizon Center.
Total Attendance: 19718 (98.59%)
Total Ticket Income: $1,222,158
Other Income: $427,755
Total Income: $1,649,913
Toronto Maple Leafs
5 vs 5 Forward
Center Left Wing Right Wing Time % Phy DF OF
1 Tomas Hertl Brady Tkachuk Nicolas Roy 30 1 2 2
2 Wyatt Johnston Quinton Byfield Troy Terry 30 1 2 2
3 Nick Bjugstad Nino Niederreiter Andrew Mangiapane 25 1 2 2
4 Scott Laughton Sam Bennett Brandon Saad 15 1 2 2
5 vs 5 Defense
Defense Defense Time % Phy DF OF
1 Aaron Ekblad Ryan Pulock 33 1 2 2
2 Mario Ferraro Cody Ceci 32 1 2 2
3 Sean Walker Dougie Hamilton 31 1 2 2
4 Mario Ferraro Cody Ceci 4 1 2 2
PowerPlay Forward
Center Left Wing Right Wing Time % Phy DF OF
1 Tomas Hertl Brady Tkachuk Troy Terry 50 1 2 2
2 Wyatt Johnston Quinton Byfield Brandon Saad 50 1 2 2
PowerPlay Defense
Defense Defense Time % Phy DF OF
1 Dougie Hamilton Aaron Ekblad 50 1 2 2
2 Ryan Pulock Sean Walker 50 1 2 2
Penalty Kill 4 Players Forward
Center Wing Time % Phy DF OF
1 Nick Bjugstad Andrew Mangiapane 50 1 2 2
2 Scott Laughton Nicolas Roy 50 1 2 2
Penalty Kill 4 Players Defense
Defense Defense Time % Phy DF OF
1 Aaron Ekblad Mario Ferraro 50 1 2 2
2 Cody Ceci Ryan Pulock 50 1 2 2
Penalty Kill - 3 Players Forward
Forward Time % Phy DF OF
1 Nick Bjugstad 50 1 2 2
2 Scott Laughton 50 1 2 2
Penalty Kill - 3 Players Defense
Defense Defense Time % Phy DF OF
1 Mario Ferraro Aaron Ekblad 50 1 2 2
2 Cody Ceci Ryan Pulock 50 1 2 2
4 vs 4 Forward
Center Wing Time % Phy DF OF
1 Scott Laughton Troy Terry 50 1 2 2
2 Wyatt Johnston Brady Tkachuk 50 1 2 2
4 vs 4 Defense
Defense Defense Time % Phy DF OF
1 Cody Ceci Mario Ferraro 50 1 2 2
2 Aaron Ekblad Ryan Pulock 50 1 2 2
Last Minutes Offensive
Center Left Wing Right Wing Defense Defense
Tomas Hertl Brady Tkachuk Nick Bjugstad Aaron Ekblad Dougie Hamilton
Last Minutes Defensive
Center Left Wing Right Wing Defense Defense
Tomas Hertl Scott Laughton Nick Bjugstad Aaron Ekblad Ryan Pulock
Goaltenders
Starting : Frederik Andersen
Backup : Cam Talbot
Extra Forwards
Normal : Scott Laughton, Brandon Saad, Andrew Mangiapane - PP : Andrew Mangiapane, Sam Bennett - PK : Andrew Mangiapane
Extra Defensemen
Normal : Sean Walker, Dougie Hamilton, Mario Ferraro - PP : Cody Ceci - PK : Sean Walker, Dougie Hamilton
Penalty Shots
Dougie Hamilton, Nick Bjugstad, Quinton Byfield, Troy Terry, Nicolas Roy
Scratches
Bowen Byram (Healthy), Kyle Okposo (Healthy), Warren Foegele (Healthy), Luke Schenn (Healthy), Pierre Engvall (Healthy)
Washington Capitals
5 vs 5 Forward
Center Left Wing Right Wing Time % Phy DF OF
1 Nico Hischier Alex Ovechkin Jason Robertson 40 1 1 3
2 Mikael Backlund Brad Marchand Jordan Kyrou 30 1 1 3
3 Nick Foligno Vladimir Tarasenko Owen Tippett 20 1 1 3
4 Michael McLeod Drake Batherson Fabian Zetterlund 10 1 1 3
5 vs 5 Defense
Defense Defense Time % Phy DF OF
1 John Carlson Jamie Oleksiak 37 2 3 0
2 Derek Forbort Thomas Harley 35 2 3 0
3 Ian Cole Nick Jensen 28 2 3 0
4 John Carlson Derek Forbort 0 2 3 0
PowerPlay Forward
Center Left Wing Right Wing Time % Phy DF OF
1 Nico Hischier Alex Ovechkin Jason Robertson 60 1 2 2
2 Nick Foligno Vladimir Tarasenko Jordan Kyrou 40 1 2 2
PowerPlay Defense
Defense Defense Time % Phy DF OF
1 John Carlson Thomas Harley 60 1 2 2
2 Jamie Oleksiak Derek Forbort 40 1 2 2
Penalty Kill 4 Players Forward
Center Wing Time % Phy DF OF
1 Mikael Backlund Brad Marchand 60 1 2 2
2 Michael McLeod Fabian Zetterlund 40 1 2 2
Penalty Kill 4 Players Defense
Defense Defense Time % Phy DF OF
1 Derek Forbort Jamie Oleksiak 60 1 2 2
2 Nick Jensen Ian Cole 40 1 2 2
Penalty Kill - 3 Players Forward
Forward Time % Phy DF OF
1 Mikael Backlund 60 1 2 2
2 Michael McLeod 40 1 2 2
Penalty Kill - 3 Players Defense
Defense Defense Time % Phy DF OF
1 Derek Forbort Jamie Oleksiak 60 1 2 2
2 Nick Jensen Ian Cole 40 1 2 2
4 vs 4 Forward
Center Wing Time % Phy DF OF
1 Nico Hischier Alex Ovechkin 60 1 2 2
2 Nick Foligno Jason Robertson 40 1 2 2
4 vs 4 Defense
Defense Defense Time % Phy DF OF
1 John Carlson Thomas Harley 60 1 2 2
2 Jamie Oleksiak Derek Forbort 40 1 2 2
Last Minutes Offensive
Center Left Wing Right Wing Defense Defense
Nico Hischier Alex Ovechkin Jason Robertson John Carlson Thomas Harley
Last Minutes Defensive
Center Left Wing Right Wing Defense Defense
Mikael Backlund Brad Marchand Nick Foligno Derek Forbort Jamie Oleksiak
Goaltenders
Starting : Jake Oettinger
Backup : Sergei Bobrovsky
Extra Forwards
Normal : Owen Tippett, Drake Batherson, Jordan Kyrou - PP : Owen Tippett, Fabian Zetterlund - PK : Fabian Zetterlund
Extra Defensemen
Normal : Thomas Harley, Jamie Oleksiak, Ian Cole - PP : Derek Forbort - PK : Jamie Oleksiak, Thomas Harley
Penalty Shots
Jason Robertson, Drake Batherson, John Carlson, Vladimir Tarasenko, Jordan Kyrou
Scratches
Yegor Chinakhov (Healthy), Stefan Noesen (Healthy)
% Time on Ice - Toronto Maple Leafs
Lines # - Real PCT - Wanted PCT - Time Play
Normal Forward
1 - 30% - 30% - 14:38
2 - 31% - 30% - 14:44
3 - 24% - 25% - 11:48
4 - 15% - 15% - 7:02
Normal Defense
1 - 34% - 33% - 16:22
2 - 33% - 32% - 15:58
3 - 31% - 31% - 14:59
4 - 2% - 4% - 0:53
PP Forward
1 - 50% - 50% - 1:58
2 - 50% - 50% - 2:00
PP Defense
1 - 53% - 50% - 2:05
2 - 47% - 50% - 1:53
PK Forward
1 - 48% - 50% - 3:47
2 - 52% - 50% - 4:03
PK Defense
1 - 51% - 50% - 3:58
2 - 49% - 50% - 3:52
PK3 Forward
1 - 0% - 50%
2 - 0% - 50%
PK3 Defense
1 - 0% - 50%
2 - 0% - 50%
44 Forward
1 - 0% - 50%
2 - 0% - 50%
44 Defense
1 - 0% - 50%
2 - 0% - 50%
Last Minute Offensive - 0:00
Last Minute Defensive - 0:00
Total
Forward - 60:00
Defense - 60:00
|
% Time on Ice - Washington Capitals
Lines # - Real PCT - Wanted PCT - Time Play
Normal Forward
1 - 36% - 40% - 17:16
2 - 29% - 30% - 13:45
3 - 20% - 20% - 9:46
4 - 15% - 10% - 7:25
Normal Defense
1 - 37% - 37% - 17:50
2 - 35% - 35% - 16:40
3 - 27% - 28% - 12:50
4 - 2% - 0% - 0:52
PP Forward
1 - 59% - 60% - 4:38
2 - 41% - 40% - 3:12
PP Defense
1 - 64% - 60% - 5:00
2 - 36% - 40% - 2:50
PK Forward
1 - 84% - 60% - 3:21
2 - 16% - 40% - 0:37
PK Defense
1 - 57% - 60% - 2:16
2 - 43% - 40% - 1:42
PK3 Forward
1 - 0% - 60%
2 - 0% - 40%
PK3 Defense
1 - 0% - 60%
2 - 0% - 40%
44 Forward
1 - 0% - 60%
2 - 0% - 40%
44 Defense
1 - 0% - 60%
2 - 0% - 40%
Last Minute Offensive - 0:00
Last Minute Defensive - 0:00
Total
Forward - 60:00
Defense - 60:00
|
Play-by-Play
1st period
0:01 of 1st period - Nico Hischier wins face-off versus Brady Tkachuk in neutral zone.
0:05 of 1st period - Off-side.
0:06 of 1st period - Nico Hischier wins face-off versus Tomas Hertl in neutral zone.
0:21 of 1st period - Backhand shot by Brady Tkachuk.
0:21 of 1st period - Stopped by Jake Oettinger with a rebound.
0:33 of 1st period - Wrist shot by Jordan Kyrou.
0:33 of 1st period - Shot Misses the Net.
0:35 of 1st period - Slapshot by Jamie Oleksiak.
0:35 of 1st period - Deflect By Jordan Kyrou.
0:35 of 1st period - Shot Blocked by Wyatt Johnston.
0:35 of 1st period - Puck is out of play.
0:36 of 1st period - Mikael Backlund wins face-off versus Wyatt Johnston in Toronto Maple Leafs zone.
0:53 of 1st period - Slapshot by Jordan Kyrou.
0:53 of 1st period - Stopped by Frederik Andersen with a rebound.
1:33 of 1st period - Slapshot by Wyatt Johnston.
1:33 of 1st period - Stopped by Jake Oettinger without a rebound.
1:34 of 1st period - Nick Bjugstad wins face-off versus Owen Tippett in Washington Capitals zone.
1:47 of 1st period - Slapshot by Nick Bjugstad.
1:47 of 1st period - Shot Hit the Post.
1:59 of 1st period - Dougie Hamilton is hit by Ian Cole.
2:09 of 1st period - Scott Laughton is hit by Alex Ovechkin.
2:10 of 1st period - Icing by Scott Laughton.
2:11 of 1st period - Michael McLeod wins face-off versus Scott Laughton in Toronto Maple Leafs zone.
2:40 of 1st period - Snap shot by Nico Hischier.
2:40 of 1st period - Shot Blocked by Cody Ceci.
2:42 of 1st period - Slapshot by Derek Forbort.
2:42 of 1st period - Deflect By Nick Bjugstad.
2:42 of 1st period - Stopped by Frederik Andersen with a rebound.
2:44 of 1st period - Snap shot by Alex Ovechkin.
2:44 of 1st period - Stopped by Frederik Andersen with a rebound.
2:46 of 1st period - Snap shot by Thomas Harley.
2:46 of 1st period - Shot Blocked by Mario Ferraro.
2:48 of 1st period - Slapshot by Derek Forbort.
2:48 of 1st period - Stopped by Frederik Andersen without a rebound.
2:49 of 1st period - Tomas Hertl wins face-off versus Nick Foligno in Toronto Maple Leafs zone.
3:20 of 1st period - Wrist shot by Alex Ovechkin.
3:20 of 1st period - Shot Misses the Net.
3:22 of 1st period - Slapshot by Jamie Oleksiak.
3:22 of 1st period - Deflect By Jason Robertson.
3:22 of 1st period - Shot Misses the Net.
3:22 of 1st period - Puck is out of play.
3:23 of 1st period - Nick Bjugstad wins face-off versus Nico Hischier in Toronto Maple Leafs zone.
3:25 of 1st period - Minor Penalty to Nick Bjugstad for Holding.
3:26 of 1st period - Wyatt Johnston wins face-off versus Nico Hischier in Toronto Maple Leafs zone.
4:16 of 1st period - Snap shot by Wyatt Johnston.
4:16 of 1st period - Stopped by Jake Oettinger without a rebound.
4:17 of 1st period - Nick Foligno wins face-off versus Scott Laughton in Washington Capitals zone.
4:46 of 1st period - Ryan Pulock is hit by Derek Forbort and loses puck.
5:25 of 1st period - Penalty to Nick Bjugstad is over, Nick Bjugstad is back on ice.
5:33 of 1st period - Wrist shot by Drake Batherson.
5:33 of 1st period - Shot Blocked by Nicolas Roy.
5:41 of 1st period - Snap shot by Drake Batherson.
5:41 of 1st period - Shot Blocked by Ryan Pulock.
6:41 of 1st period - Ryan Pulock is hit by Michael McLeod and loses puck.
6:52 of 1st period - Jamie Oleksiak is hit by Nicolas Roy and loses puck.
7:29 of 1st period - John Carlson is hit by Sam Bennett and loses puck.
8:08 of 1st period - Backhand shot by Quinton Byfield.
8:08 of 1st period - Stopped by Jake Oettinger with a rebound.
8:10 of 1st period - Slapshot by Mario Ferraro.
8:10 of 1st period - Shot Misses the Net.
9:04 of 1st period - Snap shot by Troy Terry.
9:04 of 1st period - Shot Misses the Net.
9:10 of 1st period - Sean Walker is hit by Nick Foligno and loses puck.
9:47 of 1st period - Icing by Mario Ferraro.
9:48 of 1st period - Nico Hischier wins face-off versus Nick Bjugstad in Toronto Maple Leafs zone.
10:58 of 1st period - Nick Foligno is hit by Scott Laughton and loses puck.
11:46 of 1st period - Sean Walker is hit by Ian Cole.
11:50 of 1st period - Backhand shot by Jordan Kyrou.
11:50 of 1st period - Stopped by Frederik Andersen with a rebound.
11:56 of 1st period - Jamie Oleksiak is hit by Andrew Mangiapane and loses puck.
12:12 of 1st period - Aaron Ekblad is hit by John Carlson and loses puck.
12:39 of 1st period - Snap shot by Sam Bennett.
12:39 of 1st period - Shot Misses the Net.
12:48 of 1st period - Icing by Vladimir Tarasenko.
12:49 of 1st period - Tomas Hertl wins face-off versus Nico Hischier in Washington Capitals zone.
13:47 of 1st period - Icing by Vladimir Tarasenko.
13:48 of 1st period - Nick Foligno wins face-off versus Tomas Hertl in Washington Capitals zone.
14:07 of 1st period - Snap shot by Vladimir Tarasenko.
14:07 of 1st period - Shot Blocked by Mario Ferraro.
14:11 of 1st period - Slapshot by Vladimir Tarasenko.
14:11 of 1st period - Shot Blocked by Mario Ferraro.
14:13 of 1st period - Wrist shot by Nick Foligno.
14:13 of 1st period - Goal by Nick Foligno - Toronto Maple Leafs : 0 - Washington Capitals : 1.
14:14 of 1st period - Tomas Hertl wins face-off versus Jason Robertson in neutral zone.
14:41 of 1st period - Wrist shot by Wyatt Johnston.
14:41 of 1st period - Shot Misses the Net.
15:03 of 1st period - Nick Jensen is hit by Nino Niederreiter and loses puck.
15:28 of 1st period - Snap shot by Brady Tkachuk.
15:28 of 1st period - Shot Misses the Net.
15:56 of 1st period - Wrist shot by Nico Hischier.
15:56 of 1st period - Shot Blocked by Scott Laughton.
16:15 of 1st period - Slapshot by Sam Bennett.
16:15 of 1st period - Shot Misses the Net.
16:39 of 1st period - Slapshot by Nick Bjugstad.
16:39 of 1st period - Stopped by Jake Oettinger without a rebound.
16:40 of 1st period - Nick Bjugstad wins face-off versus Michael McLeod in Washington Capitals zone.
17:04 of 1st period - Slapshot by Fabian Zetterlund.
17:04 of 1st period - Stopped by Frederik Andersen without a rebound.
17:05 of 1st period - Alex Ovechkin wins face-off versus Tomas Hertl in Toronto Maple Leafs zone.
17:06 of 1st period - Wrist shot by Jason Robertson.
17:06 of 1st period - Stopped by Frederik Andersen with a rebound.
17:22 of 1st period - Slapshot by Tomas Hertl.
17:22 of 1st period - Shot Misses the Net.
17:33 of 1st period - Minor Penalty to Wyatt Johnston for Hooking.
17:34 of 1st period - Nico Hischier wins face-off versus Scott Laughton in Toronto Maple Leafs zone.
17:37 of 1st period - Snap shot by Jason Robertson.
17:37 of 1st period - Shot Misses the Net.
17:39 of 1st period - Slapshot by Thomas Harley.
17:39 of 1st period - Shot Blocked by Scott Laughton.
17:41 of 1st period - Slapshot by Thomas Harley.
17:41 of 1st period - Shot Misses the Net.
17:43 of 1st period - Snap shot by Alex Ovechkin.
17:43 of 1st period - Goal by Alex Ovechkin - Toronto Maple Leafs : 0 - Washington Capitals : 2.
17:44 of 1st period - Nico Hischier wins face-off versus Wyatt Johnston in neutral zone.
17:55 of 1st period - Slapshot by Nico Hischier.
17:55 of 1st period - Shot Misses the Net.
17:57 of 1st period - Snap shot by Alex Ovechkin.
17:57 of 1st period - Stopped by Frederik Andersen with a rebound.
18:11 of 1st period - Derek Forbort is hit by Brady Tkachuk and loses puck.
18:18 of 1st period - Slapshot by Brady Tkachuk.
18:18 of 1st period - Stopped by Jake Oettinger without a rebound.
18:19 of 1st period - Mikael Backlund wins face-off versus Tomas Hertl in Washington Capitals zone.
18:26 of 1st period - Wrist shot by Nicolas Roy.
18:26 of 1st period - Shot Blocked by Brad Marchand.
18:28 of 1st period - Slapshot by Cody Ceci.
18:28 of 1st period - Shot Misses the Net.
19:29 of 1st period - Slapshot by Sam Bennett.
19:29 of 1st period - Shot Misses the Net.
19:45 of 1st period - Sean Walker is hit by John Carlson and loses puck.
19:50 of 1st period - Slapshot by Alex Ovechkin.
19:50 of 1st period - Stopped by Frederik Andersen with a rebound.
19:52 of 1st period - Wrist shot by Nico Hischier.
19:52 of 1st period - Stopped by Frederik Andersen with a rebound.
19:54 of 1st period - Slapshot by John Carlson.
19:54 of 1st period - Stopped by Frederik Andersen with a rebound.
19:56 of 1st period - Snap shot by Nico Hischier.
19:56 of 1st period - Stopped by Frederik Andersen with a rebound.
Goals for this period are 0 for Toronto Maple Leafs vs 2 for Washington Capitals.
Shots for this period are 6 for Toronto Maple Leafs vs 14 for Washington Capitals.
2nd period
0:01 of 2nd period - Nico Hischier wins face-off versus Wyatt Johnston in neutral zone.
0:15 of 2nd period - Icing by Cody Ceci.
0:16 of 2nd period - Wyatt Johnston wins face-off versus Mikael Backlund in Toronto Maple Leafs zone.
0:46 of 2nd period - Icing by Nick Bjugstad.
0:47 of 2nd period - Nico Hischier wins face-off versus Nick Bjugstad in Toronto Maple Leafs zone.
0:56 of 2nd period - Slapshot by Jason Robertson.
0:56 of 2nd period - Goal by Jason Robertson - Toronto Maple Leafs : 0 - Washington Capitals : 3.
0:57 of 2nd period - Nico Hischier wins face-off versus Tomas Hertl in neutral zone.
1:14 of 2nd period - Slapshot by Alex Ovechkin.
1:14 of 2nd period - Stopped by Frederik Andersen with a rebound.
1:33 of 2nd period - Snap shot by Brad Marchand.
1:33 of 2nd period - Shot Blocked by Andrew Mangiapane.
1:56 of 2nd period - Off-side.
1:57 of 2nd period - Tomas Hertl wins face-off versus Nico Hischier in neutral zone.
2:00 of 2nd period - Wrist shot by Brady Tkachuk.
2:00 of 2nd period - Stopped by Jake Oettinger with a rebound.
2:02 of 2nd period - Slapshot by Sean Walker.
2:02 of 2nd period - Deflect By Alex Ovechkin.
2:02 of 2nd period - Goal by Sean Walker - Toronto Maple Leafs : 1 - Washington Capitals : 3.
2:03 of 2nd period - Nico Hischier wins face-off versus Tomas Hertl in neutral zone.
2:06 of 2nd period - Wrist shot by Nico Hischier.
2:06 of 2nd period - Stopped by Frederik Andersen without a rebound.
2:07 of 2nd period - Nicolas Roy wins face-off versus Nico Hischier in Toronto Maple Leafs zone.
2:36 of 2nd period - Slapshot by Nick Bjugstad.
2:36 of 2nd period - Shot Misses the Net.
2:38 of 2nd period - Snap shot by Andrew Mangiapane.
2:38 of 2nd period - Stopped by Jake Oettinger with a rebound.
2:40 of 2nd period - Snap shot by Andrew Mangiapane.
2:40 of 2nd period - Shot Misses the Net.
2:42 of 2nd period - Wrist shot by Nick Bjugstad.
2:42 of 2nd period - Shot Blocked by Brad Marchand.
2:44 of 2nd period - Slapshot by Andrew Mangiapane.
2:44 of 2nd period - Shot Misses the Net.
2:46 of 2nd period - Snap shot by Mario Ferraro.
2:46 of 2nd period - Stopped by Jake Oettinger with a rebound.
3:07 of 2nd period - Icing by Mikael Backlund.
3:08 of 2nd period - Mikael Backlund wins face-off versus Wyatt Johnston in Washington Capitals zone.
3:08 of 2nd period - Mikael Backlund is hit by Dougie Hamilton.
4:00 of 2nd period - Snap shot by Mikael Backlund.
4:00 of 2nd period - Stopped by Frederik Andersen with a rebound.
4:06 of 2nd period - Snap shot by Troy Terry.
4:06 of 2nd period - Shot Misses the Net.
4:12 of 2nd period - Wrist shot by Quinton Byfield.
4:12 of 2nd period - Shot Misses the Net.
4:14 of 2nd period - Snap shot by Dougie Hamilton.
4:14 of 2nd period - Stopped by Jake Oettinger with a rebound.
4:48 of 2nd period - Thomas Harley is hit by Dougie Hamilton and loses puck.
4:51 of 2nd period - Minor Penalty to Sean Walker for Hooking.
4:52 of 2nd period - Nick Bjugstad wins face-off versus Nico Hischier in Toronto Maple Leafs zone.
4:52 of 2nd period - Nick Bjugstad is hit by Jason Robertson.
6:17 of 2nd period - Off-side.
6:18 of 2nd period - Scott Laughton wins face-off versus Nick Foligno in neutral zone.
6:25 of 2nd period - Slapshot by Nicolas Roy.
6:25 of 2nd period - Stopped by Jake Oettinger without a rebound.
6:26 of 2nd period - Nick Foligno wins face-off versus Scott Laughton in Washington Capitals zone.
6:36 of 2nd period - Off-side.
6:37 of 2nd period - Nick Foligno wins face-off versus Scott Laughton in neutral zone.
6:51 of 2nd period - Penalty to Sean Walker is over, Sean Walker is back on ice.
7:19 of 2nd period - Snap shot by Nick Bjugstad.
7:19 of 2nd period - Stopped by Jake Oettinger with a rebound.
7:21 of 2nd period - Slapshot by Aaron Ekblad.
7:21 of 2nd period - Stopped by Jake Oettinger with a rebound.
7:27 of 2nd period - Slapshot by Nick Bjugstad.
7:27 of 2nd period - Deflect By Andrew Mangiapane.
7:27 of 2nd period - Shot Blocked by Ian Cole.
7:27 of 2nd period - Puck is out of play.
7:28 of 2nd period - Nick Bjugstad wins face-off versus Nico Hischier in Washington Capitals zone.
7:31 of 2nd period - Wrist shot by Andrew Mangiapane.
7:31 of 2nd period - Stopped by Jake Oettinger without a rebound.
7:32 of 2nd period - Nico Hischier wins face-off versus Nick Bjugstad in Washington Capitals zone.
8:00 of 2nd period - Backhand shot by Nick Foligno.
8:00 of 2nd period - Stopped by Frederik Andersen with a rebound.
8:02 of 2nd period - Slapshot by John Carlson.
8:02 of 2nd period - Shot Misses the Net.
8:04 of 2nd period - Slapshot by John Carlson.
8:04 of 2nd period - Deflect By Nick Foligno.
8:04 of 2nd period - Shot Misses the Net.
8:04 of 2nd period - Puck is out of play.
8:05 of 2nd period - Tomas Hertl wins face-off versus Nick Foligno in Toronto Maple Leafs zone.
8:14 of 2nd period - Snap shot by Brady Tkachuk.
8:14 of 2nd period - Stopped by Jake Oettinger with a rebound.
8:16 of 2nd period - Snap shot by Brady Tkachuk.
8:16 of 2nd period - Shot Blocked by Nick Jensen.
8:45 of 2nd period - Snap shot by Nico Hischier.
8:45 of 2nd period - Shot Blocked by Sam Bennett.
8:47 of 2nd period - Slapshot by Jamie Oleksiak.
8:47 of 2nd period - Deflect By Jason Robertson.
8:47 of 2nd period - Shot Blocked by Sam Bennett.
8:47 of 2nd period - Puck is out of play.
8:48 of 2nd period - Nick Bjugstad wins face-off versus Nico Hischier in Toronto Maple Leafs zone.
8:48 of 2nd period - Nick Bjugstad is hit by Alex Ovechkin.
9:10 of 2nd period - Minor Penalty to John Carlson for Tripping.
9:11 of 2nd period - Tomas Hertl wins face-off versus Mikael Backlund in Washington Capitals zone.
9:18 of 2nd period - Slapshot by Derek Forbort.
9:18 of 2nd period - Shot Blocked by Tomas Hertl.
9:28 of 2nd period - Snap shot by Tomas Hertl.
9:28 of 2nd period - Stopped by Jake Oettinger with a rebound.
9:48 of 2nd period - Slapshot by Dougie Hamilton.
9:48 of 2nd period - Shot Misses the Net.
10:27 of 2nd period - Wyatt Johnston is hit by Drake Batherson and loses puck.
11:10 of 2nd period - Penalty to John Carlson is over, John Carlson is back on ice.
11:28 of 2nd period - Sean Walker is hit by Alex Ovechkin and loses puck.
11:36 of 2nd period - Icing by Ryan Pulock.
11:37 of 2nd period - Michael McLeod wins face-off versus Nick Bjugstad in Toronto Maple Leafs zone.
11:38 of 2nd period - Snap shot by Fabian Zetterlund.
11:38 of 2nd period - Shot Misses the Net.
11:40 of 2nd period - Snap shot by Fabian Zetterlund.
11:40 of 2nd period - Shot Misses the Net.
12:14 of 2nd period - Andrew Mangiapane is hit by Thomas Harley and loses puck.
12:51 of 2nd period - Snap shot by Brady Tkachuk.
12:51 of 2nd period - Shot Misses the Net.
12:53 of 2nd period - Snap shot by Mario Ferraro.
12:53 of 2nd period - Stopped by Jake Oettinger with a rebound.
12:55 of 2nd period - Slapshot by Mario Ferraro.
12:55 of 2nd period - Shot Misses the Net.
13:35 of 2nd period - Snap shot by Brandon Saad.
13:35 of 2nd period - Shot Blocked by Ian Cole.
13:37 of 2nd period - Snap shot by Scott Laughton.
13:37 of 2nd period - Shot Misses the Net.
13:39 of 2nd period - Snap shot by Mario Ferraro.
13:39 of 2nd period - Shot Misses the Net.
14:07 of 2nd period - Mikael Backlund is hit by Dougie Hamilton and loses puck.
15:01 of 2nd period - Brad Marchand is hit by Nicolas Roy and loses puck.
15:19 of 2nd period - Nick Foligno is hit by Cody Ceci and loses puck.
15:26 of 2nd period - Cody Ceci is hit by Vladimir Tarasenko and loses puck.
15:52 of 2nd period - Slapshot by Nico Hischier.
15:52 of 2nd period - Shot Blocked by Sean Walker.
16:18 of 2nd period - Slapshot by Sam Bennett.
16:18 of 2nd period - Shot Blocked by Nico Hischier.
16:36 of 2nd period - Wrist shot by Brad Marchand.
16:36 of 2nd period - Stopped by Frederik Andersen with a rebound.
16:38 of 2nd period - Snap shot by Jordan Kyrou.
16:38 of 2nd period - Shot Misses the Net.
17:18 of 2nd period - Wrist shot by Owen Tippett.
17:18 of 2nd period - Stopped by Frederik Andersen without a rebound.
17:19 of 2nd period - Nick Foligno wins face-off versus Brady Tkachuk in Toronto Maple Leafs zone.
17:35 of 2nd period - Snap shot by Tomas Hertl.
17:35 of 2nd period - Shot Misses the Net.
17:53 of 2nd period - Off-side.
17:54 of 2nd period - Wyatt Johnston wins face-off versus Alex Ovechkin in neutral zone.
17:59 of 2nd period - Slapshot by Quinton Byfield.
17:59 of 2nd period - Shot Misses the Net.
18:17 of 2nd period - Snap shot by Alex Ovechkin.
18:17 of 2nd period - Shot Misses the Net.
18:19 of 2nd period - Wrist shot by Alex Ovechkin.
18:19 of 2nd period - Shot Misses the Net.
18:21 of 2nd period - Snap shot by Nico Hischier.
18:21 of 2nd period - Stopped by Frederik Andersen with a rebound.
18:33 of 2nd period - Snap shot by Nico Hischier.
18:33 of 2nd period - Shot Misses the Net.
18:35 of 2nd period - Wrist shot by Jamie Oleksiak.
18:35 of 2nd period - Stopped by Frederik Andersen without a rebound.
18:36 of 2nd period - Mikael Backlund wins face-off versus Wyatt Johnston in Toronto Maple Leafs zone.
18:41 of 2nd period - Wrist shot by Brad Marchand.
18:41 of 2nd period - Shot Blocked by Sean Walker.
18:49 of 2nd period - Mikael Backlund is hit by Troy Terry and loses puck.
19:12 of 2nd period - Slapshot by Nick Foligno.
19:12 of 2nd period - Stopped by Frederik Andersen with a rebound.
19:45 of 2nd period - Snap shot by Michael McLeod.
19:45 of 2nd period - Shot Blocked by Sam Bennett.
19:53 of 2nd period - Brandon Saad is hit by Nico Hischier and loses puck.
Goals for this period are 1 for Toronto Maple Leafs vs 1 for Washington Capitals.
Shots for this period are 12 for Toronto Maple Leafs vs 10 for Washington Capitals.
3rd period
0:01 of 3rd period - Nico Hischier wins face-off versus Tomas Hertl in neutral zone.
1:38 of 3rd period - Slapshot by Brady Tkachuk.
1:38 of 3rd period - Stopped by Jake Oettinger without a rebound.
1:39 of 3rd period - Tomas Hertl wins face-off versus Alex Ovechkin in Washington Capitals zone.
1:42 of 3rd period - Backhand shot by Brady Tkachuk.
1:42 of 3rd period - Shot Blocked by Jamie Oleksiak.
1:44 of 3rd period - Wrist shot by Ryan Pulock.
1:44 of 3rd period - Stopped by Jake Oettinger without a rebound.
1:45 of 3rd period - Tomas Hertl wins face-off versus Nico Hischier in Washington Capitals zone.
1:50 of 3rd period - Snap shot by Tomas Hertl.
1:50 of 3rd period - Stopped by Jake Oettinger without a rebound.
1:51 of 3rd period - Tomas Hertl wins face-off versus Nico Hischier in Washington Capitals zone.
2:09 of 3rd period - Off-side.
2:10 of 3rd period - Mikael Backlund wins face-off versus Wyatt Johnston in neutral zone.
2:17 of 3rd period - Snap shot by Quinton Byfield.
2:17 of 3rd period - Stopped by Jake Oettinger with a rebound.
2:26 of 3rd period - Off-side.
2:27 of 3rd period - Tomas Hertl wins face-off versus Nico Hischier in neutral zone.
2:30 of 3rd period - John Carlson is hit by Tomas Hertl.
2:44 of 3rd period - Jamie Oleksiak is hit by Tomas Hertl and loses puck.
3:01 of 3rd period - Slapshot by Troy Terry.
3:01 of 3rd period - Shot Misses the Net.
3:03 of 3rd period - Snap shot by Aaron Ekblad.
3:03 of 3rd period - Stopped by Jake Oettinger with a rebound.
3:19 of 3rd period - Snap shot by Scott Laughton.
3:19 of 3rd period - Shot Misses the Net.
3:45 of 3rd period - Snap shot by Jordan Kyrou.
3:45 of 3rd period - Shot Misses the Net.
3:47 of 3rd period - Slapshot by John Carlson.
3:47 of 3rd period - Deflect By Sam Bennett.
3:47 of 3rd period - Stopped by Frederik Andersen without a rebound.
3:48 of 3rd period - Nick Bjugstad wins face-off versus Jason Robertson in Toronto Maple Leafs zone.
3:57 of 3rd period - Snap shot by Nick Bjugstad.
3:57 of 3rd period - Deflect By Nico Hischier.
3:57 of 3rd period - Shot Blocked by Alex Ovechkin.
3:57 of 3rd period - Puck is out of play.
3:58 of 3rd period - Nick Bjugstad wins face-off versus Nico Hischier in Washington Capitals zone.
4:05 of 3rd period - Snap shot by Nino Niederreiter.
4:05 of 3rd period - Shot Blocked by Thomas Harley.
4:31 of 3rd period - Wrist shot by Jason Robertson.
4:31 of 3rd period - Shot Blocked by Mario Ferraro.
4:33 of 3rd period - Slapshot by Nico Hischier.
4:33 of 3rd period - Shot Misses the Net.
4:51 of 3rd period - Wrist shot by Alex Ovechkin.
4:51 of 3rd period - Deflect By Nico Hischier.
4:51 of 3rd period - Shot Misses the Net.
4:51 of 3rd period - Puck is out of play.
4:52 of 3rd period - Mikael Backlund wins face-off versus Tomas Hertl in Toronto Maple Leafs zone.
5:19 of 3rd period - Mikael Backlund is hit by Sam Bennett and loses puck.
5:30 of 3rd period - Slapshot by Sam Bennett.
5:30 of 3rd period - Shot Misses the Net.
5:32 of 3rd period - Snap shot by Sam Bennett.
5:32 of 3rd period - Stopped by Jake Oettinger with a rebound.
6:04 of 3rd period - Drake Batherson is hit by Cody Ceci and loses puck.
6:30 of 3rd period - Slapshot by Dougie Hamilton.
6:30 of 3rd period - Shot Misses the Net.
6:32 of 3rd period - Snap shot by Brandon Saad.
6:32 of 3rd period - Shot Blocked by Jamie Oleksiak.
6:50 of 3rd period - Vladimir Tarasenko is hit by Nick Bjugstad and loses puck.
7:03 of 3rd period - Slapshot by John Carlson.
7:03 of 3rd period - Deflect By Drake Batherson.
7:03 of 3rd period - Stopped by Frederik Andersen with a rebound.
7:05 of 3rd period - Snap shot by Michael McLeod.
7:05 of 3rd period - Shot Misses the Net.
7:19 of 3rd period - Snap shot by Jason Robertson.
7:19 of 3rd period - Goal by Jason Robertson - Toronto Maple Leafs : 1 - Washington Capitals : 4.
7:20 of 3rd period - Nico Hischier wins face-off versus Brady Tkachuk in neutral zone.
7:29 of 3rd period - Slapshot by Jason Robertson.
7:29 of 3rd period - Shot Misses the Net.
7:31 of 3rd period - Snap shot by Jason Robertson.
7:31 of 3rd period - Goal by Jason Robertson - Toronto Maple Leafs : 1 - Washington Capitals : 5.
7:32 of 3rd period - Nico Hischier wins face-off versus Tomas Hertl in neutral zone.
8:08 of 3rd period - Wrist shot by Wyatt Johnston.
8:08 of 3rd period - Shot Misses the Net.
8:22 of 3rd period - Snap shot by Vladimir Tarasenko.
8:22 of 3rd period - Goal by Vladimir Tarasenko - Toronto Maple Leafs : 1 - Washington Capitals : 6.
8:23 of 3rd period - Tomas Hertl wins face-off versus Nico Hischier in neutral zone.
8:40 of 3rd period - Minor Penalty to Jason Robertson for Delaying the game.
8:41 of 3rd period - Mikael Backlund wins face-off versus Wyatt Johnston in Washington Capitals zone.
8:49 of 3rd period - Brad Marchand is hit by Wyatt Johnston and loses puck.
10:40 of 3rd period - Penalty to Jason Robertson is over, Jason Robertson is back on ice.
10:53 of 3rd period - Andrew Mangiapane is hit by Jason Robertson and loses puck.
13:01 of 3rd period - Backhand shot by Drake Batherson.
13:01 of 3rd period - Stopped by Frederik Andersen without a rebound.
13:02 of 3rd period - Wyatt Johnston wins face-off versus Michael McLeod in Toronto Maple Leafs zone.
13:04 of 3rd period - Minor Penalty to Dougie Hamilton for Interference.
13:05 of 3rd period - Nick Bjugstad wins face-off versus Jason Robertson in Toronto Maple Leafs zone.
13:17 of 3rd period - Wrist shot by Jason Robertson.
13:17 of 3rd period - Stopped by Frederik Andersen with a rebound.
13:19 of 3rd period - Snap shot by John Carlson.
13:19 of 3rd period - Shot Blocked by Aaron Ekblad.
13:31 of 3rd period - Aaron Ekblad is hit by John Carlson and loses puck.
15:04 of 3rd period - Penalty to Dougie Hamilton is over, Dougie Hamilton is back on ice.
15:15 of 3rd period - Slapshot by Sean Walker.
15:15 of 3rd period - Stopped by Jake Oettinger without a rebound.
15:16 of 3rd period - Michael McLeod wins face-off versus Wyatt Johnston in Washington Capitals zone.
15:28 of 3rd period - Wrist shot by Wyatt Johnston.
15:28 of 3rd period - Stopped by Jake Oettinger with a rebound.
15:47 of 3rd period - Icing by Dougie Hamilton.
15:48 of 3rd period - Tomas Hertl wins face-off versus Nico Hischier in Toronto Maple Leafs zone.
15:57 of 3rd period - Slapshot by Jason Robertson.
15:57 of 3rd period - Stopped by Frederik Andersen with a rebound.
15:59 of 3rd period - Slapshot by Jason Robertson.
15:59 of 3rd period - Shot Misses the Net.
16:01 of 3rd period - Snap shot by Jason Robertson.
16:01 of 3rd period - Shot Blocked by Dougie Hamilton.
16:03 of 3rd period - Wrist shot by Alex Ovechkin.
16:03 of 3rd period - Stopped by Frederik Andersen without a rebound.
16:04 of 3rd period - Wyatt Johnston wins face-off versus Mikael Backlund in Toronto Maple Leafs zone.
16:04 of 3rd period - Wyatt Johnston is hit by Thomas Harley.
16:20 of 3rd period - Wrist shot by Troy Terry.
16:20 of 3rd period - Shot Blocked by Mikael Backlund.
16:54 of 3rd period - Wrist shot by Nicolas Roy.
16:54 of 3rd period - Deflect By Brady Tkachuk.
16:54 of 3rd period - Shot Misses the Net.
16:54 of 3rd period - Puck is out of play.
16:55 of 3rd period - Nick Foligno wins face-off versus Wyatt Johnston in Washington Capitals zone.
17:08 of 3rd period - Snap shot by Quinton Byfield.
17:08 of 3rd period - Shot Misses the Net.
17:10 of 3rd period - Slapshot by Wyatt Johnston.
17:10 of 3rd period - Shot Blocked by Vladimir Tarasenko.
17:20 of 3rd period - Sean Walker is hit by Jason Robertson and loses puck.
17:25 of 3rd period - Wrist shot by Alex Ovechkin.
17:25 of 3rd period - Stopped by Frederik Andersen without a rebound.
17:26 of 3rd period - Nico Hischier wins face-off versus Tomas Hertl in Toronto Maple Leafs zone.
17:27 of 3rd period - Snap shot by Jason Robertson.
17:27 of 3rd period - Deflect By Brady Tkachuk.
17:27 of 3rd period - Stopped by Frederik Andersen with a rebound.
17:57 of 3rd period - Off-side.
17:58 of 3rd period - Mikael Backlund wins face-off versus Wyatt Johnston in neutral zone.
18:16 of 3rd period - Minor Penalty to Aaron Ekblad for Interference.
18:17 of 3rd period - Nico Hischier wins face-off versus Nick Bjugstad in Toronto Maple Leafs zone.
18:29 of 3rd period - Snap shot by Jason Robertson.
18:29 of 3rd period - Stopped by Frederik Andersen with a rebound.
18:31 of 3rd period - Slapshot by John Carlson.
18:31 of 3rd period - Shot Blocked by Andrew Mangiapane.
18:33 of 3rd period - Snap shot by Nico Hischier.
18:33 of 3rd period - Shot Misses the Net.
19:34 of 3rd period - Nicolas Roy is hit by Alex Ovechkin.
19:52 of 3rd period - Icing by Jordan Kyrou.
19:53 of 3rd period - Nico Hischier wins face-off versus Scott Laughton in Washington Capitals zone.
Goals for this period are 0 for Toronto Maple Leafs vs 3 for Washington Capitals.
Shots for this period are 8 for Toronto Maple Leafs vs 12 for Washington Capitals.
Back to the Top